 Dungeon Crawl Stone Soup version 0.16-a0-3946-g4f19e5c (webtiles) character file.

22948 Ololoev the Spear-Bearer (level 12, -3/78 HPs)
             Began as a Mummy Skald on Feb 9, 2015.
             Was a High Priest of Sif Muna.
             Killed from afar by a fire drake (43 damage)
             ... with a blast of flame
             ... on level 5 of the Lair of Beasts.
             The game lasted 01:37:40 (21118 turns).

Ololoev the Spear-Bearer (Mummy Skald)             Turns: 21118, Time: 01:37:40

Health: -3/78      AC: 20    Str: 15    XL:     12   Next: 67%
Magic:  14/23      EV: 14    Int: 15    God:    Sif Muna [*****.]
Gold:   652        SH:  0    Dex: 11    Spells: 7 memorised, 4 levels left

rFire  x . .     SeeInvis .     D - +1 trident
rCold  + . .     Clarity  .     f - quicksilver dragon armour
rNeg   + + +     SustAb   .     (no shield)
rPois  ∞         Gourm    .     (no helmet)
rElec  .         Spirit   .     p - +0 cloak
rCorr  .         Warding  .     E - +1 pair of gloves
rMut   .         Stasis   .     t - +1 pair of boots
MR     ++...                    o - amulet of regeneration
Stlth  +.........               B - +4 ring of evasion
                                m - +4 ring of protection

@: very resistant to hostile enchantments, very unstealthy
A: no food or potions, fire vulnerability, restore body, cold resistance 1,
negative energy resistance 3, poison resistance, torment resistance, unbreathing
a: Channel Energy, Forget Spell, Renounce Religion


You were on level 5 of the Lair of Beasts.
You worshipped Sif Muna.
Sif Muna was extremely pleased with you.
You were not hungry.

You visited 2 branches of the dungeon, and saw 17 of its levels.
You also visited: Sewer and Volcano.

You collected 1100 gold pieces.
You spent 448 gold pieces at shops.

Notes
Turn   | Place    | Note
--------------------------------------------------------------
     0 | D:1      | Ololoev, the Mummy Skald, began the quest for the Orb.
     0 | D:1      | Reached XP level 1. HP: 16/16 MP: 3/3
   397 | D:1      | Found a shattered altar of Ashenzari.
   644 | D:1      | Reached XP level 2. HP: 19/22 MP: 4/4
   648 | D:1      | Learned a level 2 spell: Song of Slaying
  1124 | D:1      | Reached XP level 3. HP: 24/27 MP: 3/6
  1249 | D:1      | Reached skill level 3 in Charms
  2016 | D:2      | Reached XP level 4. HP: 33/33 MP: 7/7
  2352 | D:3      | Found an iron altar of Okawaru.
  2421 | D:3      | Noticed Terence
  2615 | D:3      | Reached XP level 5. HP: 38/38 MP: 9/9
  3164 | D:4      | Reached skill level 4 in Polearms
  3704 | D:3      | Found an opulent altar of Gozag.
  3806 | D:3      | Killed Terence
  3836 | D:3      | Reached XP level 6. HP: 39/44 MP: 8/10
  4312 | D:4      | Learned a level 3 spell: Spectral Weapon
  4758 | D:5      | Entered Level 5 of the Dungeon
  4901 | D:5      | Reached skill level 5 in Polearms
  5101 | D:5      | Reached XP level 7. HP: 28/50 MP: 4/12
  5262 | D:5      | Found Dakled's Magic Scroll Emporium.
  5269 | D:5      | Bought a scroll of remove curse for 42 gold pieces
  5269 | D:5      | Bought a scroll of magic mapping for 49 gold pieces
  5269 | D:5      | Bought a scroll of teleportation for 42 gold pieces
  5286 | D:5      | Found a shadowy altar of Dithmenos.
  5302 | D:5      | Reached skill level 6 in Polearms
  5533 | D:5      | Noticed Crazy Yiuf
  5549 | D:5      | Killed Crazy Yiuf
  5698 | D:6      | Found a snail-covered altar of Cheibriados.
  5763 | D:6      | Found a glowing drain.
  5779 | Sewer    | Entered a sewer
  5913 | Sewer    | Reached skill level 7 in Polearms
  6301 | D:6      | Found a deep blue altar of Sif Muna.
  6301 | D:6      | Found a sacrificial altar of Ru.
  6306 | D:6      | Became a worshipper of Sif Muna the Loreminder
  6330 | D:6      | Reached XP level 8. HP: 56/56 MP: 13/13
  7079 | D:6      | Reached skill level 8 in Polearms
  7111 | D:6      | Acquired Sif Muna's first power
  7318 | D:6      | Reached skill level 5 in Charms
  7480 | D:7      | Reached XP level 9. HP: 52/61 MP: 18/18
  8201 | D:7      | Found a staircase to the Ecumenical Temple.
  8371 | D:7      | Reached skill level 9 in Polearms
  8616 | D:7      | Learned a level 1 spell: Animate Skeleton
  8618 | D:7      | Learned a level 1 spell: Apportation
  8660 | D:7      | Learned a level 5 spell: Summon Mana Viper
  8967 | D:8      | Reached skill level 1 in Summonings
  8998 | D:8      | Learned a level 5 spell: Shadow Creatures
  9049 | D:8      | Noticed Blork the orc
  9442 | D:9      | Acquired Sif Muna's second power
  9777 | D:9      | Reached skill level 10 in Polearms
  9911 | D:9      | Found a stormy altar of Qazlal.
  9929 | D:9      | Reached XP level 10. HP: 58/67 MP: 21/21
 10302 | D:8      | Found an ancient bone altar of Kikubaaqudgha.
 10302 | D:8      | Found a blossoming altar of Fedhas.
 10953 | D:8      | Found a sparkling altar of Nemelex Xobeh.
 11333 | D:10     | Entered Level 10 of the Dungeon
 11347 | D:10     | Found a white marble altar of Elyvilon.
 11581 | D:5      | Bought a scroll of torment for 105 gold pieces
 11581 | D:5      | Bought a scroll of enchant armour for 105 gold pieces
 11773 | D:10     | Identified Blyas' Incunabulum of Pathos
 11932 | D:10     | Noticed Joseph
 11945 | D:10     | Killed Joseph
 11945 | D:10     | Reached skill level 11 in Polearms
 12463 | D:10     | Found a staircase to the Lair.
 12674 | D:10     | Found a staircase to the Orcish Mines.
 12819 | D:10     | Reached skill level 5 in Summonings
 13048 | D:10     | Reached XP level 11. HP: 44/72 MP: 22/22
 13672 | D:11     | Found a burning altar of Makhleb.
 13760 | D:11     | Noticed a hill giant
 13774 | D:11     | Killed a hill giant
 13903 | D:11     | Learned a level 3 spell: Flight
 14215 | D:5      | Bought a scroll of holy word for 105 gold pieces
 14652 | D:12     | Noticed a hill giant
 14663 | D:12     | Killed a hill giant
 15043 | Lair:1   | Entered Level 1 of the Lair of Beasts
 15074 | Lair:1   | Reached skill level 12 in Polearms
 15333 | Lair:1   | Acquired Sif Muna's third power
 15401 | Lair:1   | Got a faintly glowing robe
 15402 | Lair:1   | Identified the +0 robe of Fortitude {Contam Int+4 Dex+4 Stlth+} (You found it on level 1 of the Lair of Beasts)
 16265 | Lair:1   | You fall through a shaft!
 16371 | Lair:2   | Noticed a four-headed hydra
 16378 | Lair:2   | Killed a four-headed hydra
 16431 | Lair:2   | Identified a scroll of acquirement
 16437 | Lair:2   | Got a scorched bardiche
 16438 | Lair:2   | Identified the +6 bardiche of the Final Decision {chop, Str+2 Int+3 Dex-4} (You acquired it on level 2 of the Lair of Beasts)
 16641 | Lair:2   | Noticed a five-headed hydra
 16915 | Lair:2   | Noticed a death yak
 17052 | Lair:2   | Got an ichor-stained robe
 17053 | Lair:2   | Identified the cursed -1 robe of Qudeykau {Slay+2} (You found it on level 2 of the Lair of Beasts)
 17842 | Lair:2   | Reached XP level 12. HP: 74/78 MP: 23/23
 18009 | Lair:3   | Found a dark tunnel.
 18040 | Volcano  | Entered a volcano
 18045 | Volcano  | Noticed anything's ghost (experienced MiMo)
 18268 | Lair:3   | Found a staircase to the Shoals.
 19454 | Lair:4   | Found a staircase to the Snake Pit.
 19455 | Lair:4   | Identified Uriokh's Collected Works on Calling and the Glacier
 19605 | Lair:4   | Reached skill level 1 in Armour
 19627 | Lair:4   | Reached skill level 1 in Translocations
 19869 | Lair:4   | Noticed a six-headed hydra
 19881 | Lair:4   | Killed a six-headed hydra
 19881 | Lair:4   | Reached skill level 10 in Summonings
 21077 | Lair:5   | Noticed Erica
 21118 | Lair:5   | Killed from afar by a fire drake

Inventory:

Hand weapons
 a - the +6 bardiche of the Final Decision {chop, Str+2 Int+3 Dex-4}
   (You acquired it on level 2 of the Lair of Beasts)

   It inflicts extra damage upon your enemies.
   It affects your strength (+2).
   It affects your intelligence (+3).
   It affects your dexterity (-4).
 b - a +0 blowgun
 D - a +1 trident (weapon)
Missiles
 u - 9 poisoned needles
 x - 3 throwing nets (quivered)
Armour
 f - a quicksilver dragon armour (worn)
 p - a +0 cloak (worn)
 t - a +1 pair of boots (worn)
 E - a +1 pair of gloves (worn)
Jewellery
 m - a +4 ring of protection (left hand)
 o - an amulet of regeneration (around neck)
 B - a +4 ring of evasion (right hand)
Magical devices
 k - a wand of invisibility (2)
Scrolls
 d - 3 scrolls of recharging
 e - 7 scrolls of identify
 g - 2 scrolls of fear
 h - 5 scrolls of amnesia
 i - 4 scrolls of magic mapping
 j - 2 scrolls of teleportation
 l - 7 scrolls of fog
 n - 7 scrolls of remove curse
 q - a scroll of brand weapon
 r - 2 scrolls of summoning
 s - 2 scrolls of blinking
 z - 3 scrolls of torment
Books
 c - Uriokh's Collected Works on Calling and the Glacier
   (You found it on level 4 of the Lair of Beasts)

   Spells                             Type                      Level
   a - Freeze                         Ice                          1
   b - Summon Butterflies             Summoning                    1
   c - Summon Small Mammal            Summoning                    1
   d - Abjuration                     Summoning                    3
   e - Bolt of Cold                   Conjuration/Ice              6
   f - Summon Hydra                   Summoning                    7
Miscellaneous
 C - a lamp of fire (inert)

Table legend:
 A = Turns spent in this place as a percentage of turns spent in the entire game.
 B = Non-inter-level travel turns spent in this place as a percentage of non-inter-level travel turns spent in the entire game.
 C = Inter-level travel turns spent in this place as a percentage of turns spent in this place.
 D = Turns resting spent in this place as a percentage of non-inter-level travel turns spent in this place.
 E = Turns spent auto-exploring this place as a percentage of non-inter-level travel turns spent in this place.
 F = Non-inter-level travel turns spent in this place divided by the number of levels of this place that you've seen.
                   A       B       C       D       E      F
               +-------+-------+-------+-------+-------+----------------------
         Total | 100.0 | 100.0 |   0.7 |   4.3 |   6.1 | 445.5
       Dungeon |  69.1 |  69.0 |   0.8 |   4.4 |   6.2 | 486.7
          Lair |  27.8 |  27.9 |   0.4 |   4.2 |   5.8 | 471.8
         Sewer |   2.9 |   2.9 |   0.0 |   2.4 |   6.5 | 248.0
       Volcano |   0.2 |   0.2 |   0.0 |   0.0 |   0.0 |  18.0
               +-------+-------+-------+-------+-------+----------------------


   Skills:
 - Level 2.0 Fighting
 + Level 12.7 Polearms
 + Level 2.3 Armour
 - Level 0.7 Dodging
 + Level 4.5 Spellcasting
 - Level 5.6 Charms
 * Level 10.3 Summonings
 + Level 2.4 Translocations
 + Level 0.6 Invocations


You had 4 spell levels left.
You knew the following spells:

 Your Spells              Type           Power        Failure   Level  Hunger
a - Infusion              Chrm           ###...       3%          1    N/A
b - Song of Slaying       Chrm           ###.....     6%          2    N/A
c - Spectral Weapon       Hex/Chrm       ##......     38%         3    N/A
d - Animate Skeleton      Necr           N/A          34%         1    N/A
e - Apportation           Tloc           ##........   14%         1    N/A
f - Shadow Creatures      Summ           N/A          17%         5    N/A
g - Flight                Chrm/Air       ##........   38%         3    N/A

Dungeon Overview and Level Annotations

Branches:
Dungeon (12/15)            Temple (0/1) D:7            Lair (5/8) D:10
 Shoals (0/5) Lair:3        Snake (0/5) Lair:4          Orc (0/4) D:10

Altars:
Ashenzari
Cheibriados
Dithmenos
Elyvilon
Fedhas
Gozag
Kikubaaqudgha
Makhleb
Nemelex Xobeh
Okawaru
Qazlal
Ru
Sif Muna

Shops:
D:5 ?

Annotations:
D:8 Blork the orc
Lair:5 Erica


Innate Abilities, Weirdness & Mutations

You do not eat or drink.
Your flesh is vulnerable to fire.
Your flesh is cold resistant.
You are immune to negative energy.
Your system is resistant to poisons.
You are immune to unholy pain and torment.
You can survive without breathing.


Message History

Your komodo dragon closely misses the fire drake.
You puncture the adder!
You kill the adder!
The fire drake barely misses your quokka.
Your quokka bites the fire drake but does no damage.
Your quokka closely misses the fire drake.
You see here an adder corpse.
Attack whom?
Press: ? - help, Dir - move target cursor, f/p - fire drake
Aim: a fire drake (lightly wounded)
You reach to attack!
You hit the fire drake.
The fire drake is moderately wounded.
The fire drake breathes flames at you. The blast of flame hits you!
The fire burns you terribly!
Your komodo dragon closely misses the fire drake.
Your yak skeleton gores the fire drake!
You are too injured to fight recklessly!
You are too injured to fight recklessly!
You are too injured to fight recklessly!
You are too injured to fight recklessly!
Attack whom?
Press: ? - help, Dir - move target cursor, f/p - fire drake
Aim: a fire drake (severely wounded, catching its breath)
You reach to attack!
You barely miss the fire drake.
The fire drake is severely wounded.
The fire drake closely misses your quokka.
Your komodo dragon completely misses the fire drake.
Your quokka bites the fire drake.
Attack whom?
Press: ? - help, Dir - move target cursor, f/p - fire drake
Aim: a fire drake (severely wounded, catching its breath)
You reach to attack!
You hit the fire drake.
The fire drake is almost dead.
The fire drake breathes flames at you. The blast of flame hits your quokka.
Your quokka dies!
Your quokka's corpse dissolves into shadows!
The blast of flame hits you! The fire burns you terribly!
Ouch! That really hurt!
You die...

. #...≈≈≈≈.... ≈≈≈..
##..≈≈≈≈.... ≈≈≈≈...
##.#.Z≈≈≈.... ≈≈≈≈≈..
#..#Z≈≈≈≈.... .≈≈≈≈≈..
###.......... .........
#.......... ..#.....##
###.....#P. #.......#
#####......... . #...k.@#
#.#...........
.....#lZZ####.............
#........†............
........P#....#...........
...#......##.##.####..♣P♣
.........######## #♣♣♣.♣
.......... ♣♣P ..........
♣♣≈≈ ........# ≈≈≈≈≈


You could see a fire drake, a friendly komodo dragon, a friendly river rat
skeleton and a friendly yak skeleton.

Table legend:
 A = Kills in this place as a percentage of kills in entire the game.
 B = Kills by you in this place as a percentage of kills by you in the entire game.
 C = Kills by friends in this place as a percentage of kills by friends in the entire game.
 D = Other kills in this place as a percentage of other kills in the entire game.
 E = Experience gained in this place as a percentage of experience gained in the entire game.
 F = Experience gained in this place divided by the number of levels of this place that you have seen.
                   A       B       C       D       E      F
               +-------+-------+-------+-------+-------+----------------------
         Total | 100.0 | 100.0 | 100.0 |  -nan | 100.0 | 1725.5
       Dungeon |  69.0 |  78.3 |  32.2 |  -nan |  48.1 | 1314.8
          Lair |  27.2 |  17.0 |  67.8 |  -nan |  51.7 | 3391.6
         Sewer |   3.8 |   4.7 |   0.0 |  -nan |   0.1 |  48.0
               +-------+-------+-------+-------+-------+----------------------

Vanquished Creatures
  A hill giant (D:12)
  A centaur zombie (D:11)
  Joseph (D:10)
  A torpor snail (Lair:2)
  A komodo dragon (Lair:4)
  2 black mambas
  2 spiny frogs
  A two-headed ogre (D:10)
  3 blink frogs (Lair:3)
  A mottled dragon (D:11)
  A shadow (D:11)
  2 wraiths
  A basilisk (Lair:4)
  16 yaks
  A hungry ghost (D:10)
  2 hippogriffs
  5 water moccasins
  3 porcupines (Lair:2)
  2 sky beasts
  A naga (Lair:4)
  9 orc warriors
  2 phantoms
  A wasp (D:10)
  2 black bears
  16 centaurs
  6 ogres
  15 big kobolds
  6 crocodiles
  A brain worm (D:9)
  6 giant frogs
  7 scorpions
  4 killer bees (D:8)
  5 crimson imps
  A goliath beetle (D:6)
  3 giant frog zombies
  2 quasits
  4 wights
  A jelly (D:10)
  Crazy Yiuf (D:5)
  3 giant frog skeletons
  5 hounds
  9 orc priests
  7 iguanas
  9 orc wizards
  3 worker ants
  7 sheep
  A hound skeleton (D:8)
  Terence (D:3)
  13 gnolls
  17 adders
  18 river rats
  A shadow imp (D:8)
  3 giant mites
  2 worms
  An adder zombie (D:7)
  9 giant geckos
  2 oozes
  40 orcs
  A bat skeleton (D:3)
  3 giant cockroaches
  24 hobgoblins
  13 jackals
  50 kobolds
  9 quokkas
  6 ball pythons
  15 bats
  2 giant gecko skeletons (D:6)
  7 giant newts
  A giant spore (D:10)
  13 goblins
  31 rats
  A bush (Lair:1)
  A plant (Lair:1)
468 creatures vanquished.

Vanquished Creatures (collateral kills)
  2 hydras
  A hill giant (D:11)
  2 oklob plants (Lair:1)
  A black mamba (Lair:5)
  2 spiny frogs
  5 komodo dragons
  A fire drake (Lair:5)
  2 trolls
  8 blink frogs
  A basilisk (Lair:5)
  A wyvern (D:10)
  2 hippogriffs
  2 wolves (Lair:5)
  5 yaks
  2 soldier ants (D:9)
  2 porcupines
  3 water moccasins
  A spiny frog skeleton (Lair:1)
  An ice beast (D:11)
  2 orc warriors (D:10)
  2 centaurs (D:10)
  A phantom (D:9)
  2 ogres (D:9)
  A brain worm (D:9)
  10 crocodiles
  2 giant frogs
  A killer bee (D:8)
  2 wights
  An electric eel (Lair:5)
  A hound (D:9)
  3 orc priests
  A giant frog skeleton (D:9)
  2 iguanas (Lair:3)
  2 orc wizards
  3 sheep (Lair:4)
  21 river rats
  3 adders
  An adder skeleton (D:10)
  7 orcs
  A hobgoblin (D:11)
  A jackal (D:11)
  3 quokkas
  A bat (D:9)
  A kobold (D:10)
  A ballistomycete (D:10)
  2 plants (Lair:1)
122 creatures vanquished.

Vanquished Creatures (others)
  A black mamba (Lair:2)
  15 spectral weapons
  A polar bear (Lair:2)
  2 black mamba skeletons
  A hill giant skeleton (D:11)
  A hippogriff (Lair:4)
  4 water moccasins
  A spiny frog skeleton (Lair:5)
  2 giant frogs
  2 komodo dragon skeletons (Lair:4)
  2 water moccasin skeletons
  8 yak skeletons
  A wolf skeleton (Lair:5)
  3 hounds
  3 giant frog skeletons
  An orc priest (D:10)
  A basilisk skeleton (Lair:5)
  5 centaur skeletons
  A black bear skeleton (D:10)
  A mottled dragon skeleton (D:11)
  A naga skeleton (Lair:4)
  An ogre skeleton (D:9)
  2 crocodile skeletons
  2 adders
  10 river rats
  11 orc skeletons
  A sheep skeleton (Lair:2)
  An iguana skeleton (Lair:2)
  An adder skeleton (D:9)
  2 quokkas
  3 hobgoblin skeletons
  2 kobold skeletons (D:8)
  A quokka skeleton (D:10)
  5 river rat skeletons
  A fungus (Lair:2)
100 creatures vanquished.

Grand Total: 690 creatures vanquished

Action                   |  1- 3 |  4- 6 |  7- 9 | 10-12 || total
-------------------------+-------+-------+-------+-------++-------
Melee: Spear             |   181 |   431 |    27 |       ||   639
       Trident           |       |    18 |   658 |  1474 ||  2150
       Bardiche          |       |       |       |    31 ||    31
 Fire: Blowgun           |       |     3 |    10 |     1 ||    14
 Cast: Song of Slaying   |     2 |     4 |    11 |    14 ||    31
       Infusion          |     1 |     6 |     6 |     2 ||    15
       Spectral Weapon   |       |     1 |    22 |    37 ||    60
       Animate Skeleton  |       |       |     9 |    82 ||    91
       Apportation       |       |       |       |    12 ||    12
       Shadow Creatures  |       |       |       |    34 ||    34
Invok: Channel Energy    |       |       |       |    18 ||    18
Evoke: Wand              |       |       |     6 |     4 ||    10
       Lamp of fire (ine |       |       |       |     1 ||     1
  Use: Scroll            |       |       |    15 |    17 ||    32
 Stab: Distracted        |       |       |     3 |    13 ||    16
       Invisible         |       |       |     1 |       ||     1

Vault maps used:
D:1:      dpeg_arrival_pits, ashenzari_altar_1
D:3:      wad_woods_settlement, okawaru_ov_weapons_minmay,
          nicolae_gozag_cash_rules_everything_around_me, uniq_terence
D:4:      first_bread
D:5:      serial_shops, nicolae_shop_crystal, grunt_dithmenos_shadows,
          uniq_crazy_yiuf_cottage
D:6:      gammafunk_temple_overflow_statue, gup_sewer_entry_bubbles,
          cheibriados_altar_wand_db
D:7:      temple_statues
D:8:      grunt_temple_overflow_growth_and_decay, kennysheep_mini, special_room,
          uniq_blork_the_orc
D:9:      serial_park_square1, hangedman_pestilent_swarm, grunt_qazlal_clouds
D:10:     lair_0_dummy, david_orc_4, elyvilon_altar_5, uniq_joseph
D:11:     basic_altar, spider_trap
Lair:1:   disabler_island
Lair:3:   shoals_dummy_entry, enter_volcano_4, minivault_24,
          serial_bayou_shore_a
Lair:4:   guppyfry_snake_entry_island, minmay_stone_trees_small,
          beast_lair_carwin_1, serial_bayou_shore_b
Lair:5:   lemuel_slime, wad_woods_river_01, uniq_erica
Sewer:    sewer_co_cracked_pipes
Volcano:  volcano_caves
